AoeStats
← Wight is Right

Oasis

509492341Analyzed
3v3 RM · 4d ago on Sep 27, 2026· 27m 30s· 6 players
Game mode
Random Map
Map size
Normal (6 player)
Population
200
Speed
Normal
Resources
Standard
Victory
Conquest
Starting age
Dark Age
Ending age
Imperial Age
RankedLock teamsTeams togetherTeam positionsShared explorationLock speedFull tech treeHidden civsTurbo modeCheats
Victory
Defeat
🇨🇦 Mongols · Canada
1127
+15
🇨🇦 Vietnamese · Canada
1127
+15
🇨🇦 Franks · Canada
1033
+18
🇮🇱 Berbers · Israel
1126
-18
🇲🇽 Italians · Mexico
1082
-15
🇦🇷 Tupi · Argentina
1075
-15
Wight is Right
2:15 Loom
12:59 Feudal Age
17:34 Double-Bit Axe
24:01 Castle Age
25:09 Fletching
27:09 Bodkin Arrow
28:01 Bow Saw
27:59 Gold Mining
The Dark Wight
8:16 Loom
10:31 Feudal Age
11:14 Double-Bit Axe
14:11 Horse Collar
16:17 Gold Mining
18:19 Fletching
24:08 Castle Age
22:46 Padded Archer Armor
24:27 Crossbowman
25:04 Bodkin Arrow
26:41 Leather Archer Armor
Alexander Wight
7:07 Loom
9:06 Feudal Age
10:10 Double-Bit Axe
12:16 Horse Collar
15:51 Bloodlines
18:20 Forging
22:05 Castle Age
21:09 Scale Barding Armor
23:26 Chain Barding Armor
23:24 Bow Saw
23:16 Heavy Plow
24:50 Husbandry
MAJEZTAD EZKANOR
13:06 Feudal Age
12:15 Loom
14:25 Wheelbarrow
13:37 Double-Bit Axe
13:44 Horse Collar
20:57 Castle Age
19:23 Stone Mining
19:24 Gold Mining
21:59 Bow Saw
22:09 Heavy Plow
23:17 Hand Cart
prieto_matias
4:01 Loom
10:36 Feudal Age
11:44 Double-Bit Axe
15:43 Horse Collar
23:14 Castle Age
21:28 Fletching
22:05 Gold Mining
22:06 Arson
21:48 Champi Runner
22:44 Padded Archer Armor
22:46 Town Watch
23:45 Pikeman
23:48 Elite Skirmisher
25:06 Wheelbarrow
24:44 Bow Saw
Spitfire
8:13 Loom
10:58 Feudal Age
12:01 Double-Bit Axe
13:40 Fletching
24:55 Town Watch
27:58 Castle Age
Connection lost

Rejoining the realm…

Still unreachable

The connection could not be restored.

Session expired

The server has moved on; the page needs a fresh start.